%YAML 1.1
%TAG !u! tag:unity3d.com,2011:
--- !u!114 &11400000
MonoBehaviour:
  m_ObjectHideFlags: 0
  m_CorrespondingSourceObject: {fileID: 0}
  m_PrefabInstance: {fileID: 0}
  m_PrefabAsset: {fileID: 0}
  m_GameObject: {fileID: 0}
  m_Enabled: 1
  m_EditorHideFlags: 0
  m_Script: {fileID: 11500000, guid: 15f0118ce50c1894487d3c82fab5e80a, type: 3}
  m_Name: "O108 - B\xEDl\xFD pr\xE1\u0161ek"
  m_EditorClassIdentifier: 
  nodes:
  - {fileID: 114465095023975824}
  - {fileID: 114365681919351954}
  - {fileID: 114087317476123638}
  - {fileID: 114774889425157590}
  - {fileID: 114308258168599618}
  - {fileID: 114759650819507658}
  connections:
  - {fileID: 114759489351616288}
  - {fileID: 114801008025472228}
  - {fileID: 114721784407164948}
  - {fileID: 114276684185345324}
  - {fileID: 114908828068796430}
  i: 9
  corruptionReport: 
--- !u!114 &114008825158125972
MonoBehaviour:
  m_ObjectHideFlags: 0
  m_CorrespondingSourceObject: {fileID: 0}
  m_PrefabInstance: {fileID: 0}
  m_PrefabAsset: {fileID: 0}
  m_GameObject: {fileID: 0}
  m_Enabled: 1
  m_EditorHideFlags: 0
  m_Script: {fileID: 11500000, guid: 92897b83d3ac44d4fb3722cc5d2189d2, type: 3}
  m_Name: "O108 - B\xEDl\xFD pr\xE1\u0161ek-R-4-inPort"
  m_EditorClassIdentifier: 
  Direction: 0
  attachedToNode: {fileID: 114774889425157590}
  centerInAbsolute: {x: 295.09003, y: 460.11975}
  connections:
  - {fileID: 114801008025472228}
  buttonRectInRelative:
    serializedVersion: 2
    x: 0
    y: 25
    width: 12
    height: 12
--- !u!114 &114030088254714774
MonoBehaviour:
  m_ObjectHideFlags: 0
  m_CorrespondingSourceObject: {fileID: 0}
  m_PrefabInstance: {fileID: 0}
  m_PrefabAsset: {fileID: 0}
  m_GameObject: {fileID: 0}
  m_Enabled: 1
  m_EditorHideFlags: 0
  m_Script: {fileID: 11500000, guid: 92897b83d3ac44d4fb3722cc5d2189d2, type: 3}
  m_Name: "O108 - B\xEDl\xFD pr\xE1\u0161ek-R-5-inPort"
  m_EditorClassIdentifier: 
  Direction: 0
  attachedToNode: {fileID: 114308258168599618}
  centerInAbsolute: {x: 585.3801, y: 463.1997}
  connections:
  - {fileID: 114721784407164948}
  buttonRectInRelative:
    serializedVersion: 2
    x: 0
    y: 25
    width: 12
    height: 12
--- !u!114 &114034794898270458
MonoBehaviour:
  m_ObjectHideFlags: 0
  m_CorrespondingSourceObject: {fileID: 0}
  m_PrefabInstance: {fileID: 0}
  m_PrefabAsset: {fileID: 0}
  m_GameObject: {fileID: 0}
  m_Enabled: 1
  m_EditorHideFlags: 0
  m_Script: {fileID: 11500000, guid: 92897b83d3ac44d4fb3722cc5d2189d2, type: 3}
  m_Name: "O108 - B\xEDl\xFD pr\xE1\u0161ek-EP-3-outPort"
  m_EditorClassIdentifier: 
  Direction: 1
  attachedToNode: {fileID: 114087317476123638}
  centerInAbsolute: {x: 220.53995, y: 461.6598}
  connections:
  - {fileID: 114801008025472228}
  buttonRectInRelative:
    serializedVersion: 2
    x: 168
    y: 25
    width: 12
    height: 12
--- !u!114 &114079151471547004
MonoBehaviour:
  m_ObjectHideFlags: 0
  m_CorrespondingSourceObject: {fileID: 0}
  m_PrefabInstance: {fileID: 0}
  m_PrefabAsset: {fileID: 0}
  m_GameObject: {fileID: 0}
  m_Enabled: 1
  m_EditorHideFlags: 0
  m_Script: {fileID: 11500000, guid: 20b5064632769b640943e81336d488d2, type: 3}
  m_Name: "O108 - B\xEDl\xFD pr\xE1\u0161ek-T-6-T"
  m_EditorClassIdentifier: 
  type: {fileID: 11400000, guid: bfda5331eb74a044bb256235983ddd8a, type: 2}
  variable: {fileID: 11400000, guid: 629510ed9c53d904d93d3ef2c309f215, type: 2}
  intParam: -1
  entryPoint: {fileID: 0}
  stringParam: 
  boolParam: 1
  character: {fileID: 0}
  floatParam: 0
  stringOptions: []
--- !u!114 &114087317476123638
MonoBehaviour:
  m_ObjectHideFlags: 0
  m_CorrespondingSourceObject: {fileID: 0}
  m_PrefabInstance: {fileID: 0}
  m_PrefabAsset: {fileID: 0}
  m_GameObject: {fileID: 0}
  m_Enabled: 1
  m_EditorHideFlags: 0
  m_Script: {fileID: 11500000, guid: d687dbdf673d5ab4391e7faf19ac9f58, type: 3}
  m_Name: "O108 - B\xEDl\xFD pr\xE1\u0161ek-EP-2"
  m_EditorClassIdentifier: 
  uniqueId: "O108 - B\xEDl\xFD pr\xE1\u0161ek-EP-2"
  nameWithinDialog: EP-2
  parentGraph: {fileID: 11400000}
  inPort: {fileID: 0}
  outPorts:
  - {fileID: 114034794898270458}
  pointsTo: []
  position: {x: 0, y: 0}
  rect:
    serializedVersion: 2
    x: 46.539948
    y: 430.6598
    width: 180
    height: 100
  isDragged: 0
  isSelected: 0
  nodeNameRect:
    serializedVersion: 2
    x: 15
    y: 10
    width: 100
    height: 30
  corruptionReport: 
  note: 
--- !u!114 &114161375279442526
MonoBehaviour:
  m_ObjectHideFlags: 0
  m_CorrespondingSourceObject: {fileID: 0}
  m_PrefabInstance: {fileID: 0}
  m_PrefabAsset: {fileID: 0}
  m_GameObject: {fileID: 0}
  m_Enabled: 1
  m_EditorHideFlags: 0
  m_Script: {fileID: 11500000, guid: 92897b83d3ac44d4fb3722cc5d2189d2, type: 3}
  m_Name: "O108 - B\xEDl\xFD pr\xE1\u0161ek-R-1-outPort"
  m_EditorClassIdentifier: 
  Direction: 1
  attachedToNode: {fileID: 114365681919351954}
  centerInAbsolute: {x: 620.97986, y: 236.8099}
  connections:
  - {fileID: 114908828068796430}
  buttonRectInRelative:
    serializedVersion: 2
    x: 238
    y: 25
    width: 12
    height: 12
--- !u!114 &114276684185345324
MonoBehaviour:
  m_ObjectHideFlags: 0
  m_CorrespondingSourceObject: {fileID: 0}
  m_PrefabInstance: {fileID: 0}
  m_PrefabAsset: {fileID: 0}
  m_GameObject: {fileID: 0}
  m_Enabled: 1
  m_EditorHideFlags: 0
  m_Script: {fileID: 11500000, guid: c83906d02ff79e44a87686bb3e9d622c, type: 3}
  m_Name: "O108 - B\xEDl\xFD pr\xE1\u0161ek-R-5 -- O108 - B\xEDl\xFD pr\xE1\u0161ek-T-6"
  m_EditorClassIdentifier: 
  inPort: {fileID: 114416157225647824}
  outPort: {fileID: 114366166303382666}
--- !u!114 &114308258168599618
MonoBehaviour:
  m_ObjectHideFlags: 0
  m_CorrespondingSourceObject: {fileID: 0}
  m_PrefabInstance: {fileID: 0}
  m_PrefabAsset: {fileID: 0}
  m_GameObject: {fileID: 0}
  m_Enabled: 1
  m_EditorHideFlags: 0
  m_Script: {fileID: 11500000, guid: a369827a53a8b544fac030b468de9f7b, type: 3}
  m_Name: "O108 - B\xEDl\xFD pr\xE1\u0161ek-R-5"
  m_EditorClassIdentifier: 
  uniqueId: "O108 - B\xEDl\xFD pr\xE1\u0161ek-R-5"
  nameWithinDialog: R-5
  parentGraph: {fileID: 11400000}
  inPort: {fileID: 114030088254714774}
  outPorts:
  - {fileID: 114416157225647824}
  pointsTo: []
  position: {x: 0, y: 0}
  rect:
    serializedVersion: 2
    x: 579.3801
    y: 432.1997
    width: 250
    height: 150
  isDragged: 0
  isSelected: 0
  nodeNameRect:
    serializedVersion: 2
    x: 15
    y: 10
    width: 146
    height: 30
  corruptionReport: 
  speaker: {fileID: 11400000, guid: bd4269cbd9a00b64fa93d3034e3bb339, type: 2}
  replicAudio: {fileID: 0}
  scroll: {x: 0, y: 0}
  currentLang: 0
  translation:
    cs: "Mo\u017En\xE1 by se ten pr\xE1\u0161ek dal pou\u017E\xEDt jako pigment na
      v\xFDrobu b\xEDl\xE9 barvy, co mi chyb\xED v li\u010Didlech."
    en: 
--- !u!114 &114365681919351954
MonoBehaviour:
  m_ObjectHideFlags: 0
  m_CorrespondingSourceObject: {fileID: 0}
  m_PrefabInstance: {fileID: 0}
  m_PrefabAsset: {fileID: 0}
  m_GameObject: {fileID: 0}
  m_Enabled: 1
  m_EditorHideFlags: 0
  m_Script: {fileID: 11500000, guid: a369827a53a8b544fac030b468de9f7b, type: 3}
  m_Name: "O108 - B\xEDl\xFD pr\xE1\u0161ek-R-1"
  m_EditorClassIdentifier: 
  uniqueId: "O108 - B\xEDl\xFD pr\xE1\u0161ek-R-1"
  nameWithinDialog: R-1
  parentGraph: {fileID: 11400000}
  inPort: {fileID: 114472610473510044}
  outPorts:
  - {fileID: 114161375279442526}
  pointsTo: []
  position: {x: 0, y: 0}
  rect:
    serializedVersion: 2
    x: 376.97986
    y: 205.8099
    width: 250
    height: 150
  isDragged: 0
  isSelected: 0
  nodeNameRect:
    serializedVersion: 2
    x: 15
    y: 10
    width: 146
    height: 30
  corruptionReport: 
  speaker: {fileID: 11400000, guid: bd4269cbd9a00b64fa93d3034e3bb339, type: 2}
  replicAudio: {fileID: 0}
  scroll: {x: 0, y: 0}
  currentLang: 0
  translation:
    cs: "Pytl\xEDk s podivn\xFDm b\xEDl\xFDm pr\xE1\u0161kem. Copak v n\u011Bm asi
      je?"
    en: 
--- !u!114 &114366166303382666
MonoBehaviour:
  m_ObjectHideFlags: 0
  m_CorrespondingSourceObject: {fileID: 0}
  m_PrefabInstance: {fileID: 0}
  m_PrefabAsset: {fileID: 0}
  m_GameObject: {fileID: 0}
  m_Enabled: 1
  m_EditorHideFlags: 0
  m_Script: {fileID: 11500000, guid: 92897b83d3ac44d4fb3722cc5d2189d2, type: 3}
  m_Name: "O108 - B\xEDl\xFD pr\xE1\u0161ek-T-6-inPort"
  m_EditorClassIdentifier: 
  Direction: 0
  attachedToNode: {fileID: 114759650819507658}
  centerInAbsolute: {x: 924.56006, y: 463.53015}
  connections:
  - {fileID: 114276684185345324}
  - {fileID: 114908828068796430}
  buttonRectInRelative:
    serializedVersion: 2
    x: 0
    y: 25
    width: 12
    height: 12
--- !u!114 &114416157225647824
MonoBehaviour:
  m_ObjectHideFlags: 0
  m_CorrespondingSourceObject: {fileID: 0}
  m_PrefabInstance: {fileID: 0}
  m_PrefabAsset: {fileID: 0}
  m_GameObject: {fileID: 0}
  m_Enabled: 1
  m_EditorHideFlags: 0
  m_Script: {fileID: 11500000, guid: 92897b83d3ac44d4fb3722cc5d2189d2, type: 3}
  m_Name: "O108 - B\xEDl\xFD pr\xE1\u0161ek-R-5-outPort"
  m_EditorClassIdentifier: 
  Direction: 1
  attachedToNode: {fileID: 114308258168599618}
  centerInAbsolute: {x: 823.3801, y: 463.1997}
  connections:
  - {fileID: 114276684185345324}
  buttonRectInRelative:
    serializedVersion: 2
    x: 238
    y: 25
    width: 12
    height: 12
--- !u!114 &114442257131934034
MonoBehaviour:
  m_ObjectHideFlags: 0
  m_CorrespondingSourceObject: {fileID: 0}
  m_PrefabInstance: {fileID: 0}
  m_PrefabAsset: {fileID: 0}
  m_GameObject: {fileID: 0}
  m_Enabled: 1
  m_EditorHideFlags: 0
  m_Script: {fileID: 11500000, guid: 20b5064632769b640943e81336d488d2, type: 3}
  m_Name: "O108 - B\xEDl\xFD pr\xE1\u0161ek-T-6-T"
  m_EditorClassIdentifier: 
  type: {fileID: 11400000, guid: ac22e1bb95f716e409b7dbe7c83827df, type: 2}
  variable: {fileID: 11400000, guid: 041afd2b506f1eb42ba576eabcf5daa7, type: 2}
  intParam: -1
  entryPoint: {fileID: 0}
  stringParam: 
  boolParam: 0
  character: {fileID: 0}
  floatParam: 0
  stringOptions: []
--- !u!114 &114465095023975824
MonoBehaviour:
  m_ObjectHideFlags: 0
  m_CorrespondingSourceObject: {fileID: 0}
  m_PrefabInstance: {fileID: 0}
  m_PrefabAsset: {fileID: 0}
  m_GameObject: {fileID: 0}
  m_Enabled: 1
  m_EditorHideFlags: 0
  m_Script: {fileID: 11500000, guid: d687dbdf673d5ab4391e7faf19ac9f58, type: 3}
  m_Name: "O108 - B\xEDl\xFD pr\xE1\u0161ek-EP-0"
  m_EditorClassIdentifier: 
  uniqueId: "O108 - B\xEDl\xFD pr\xE1\u0161ek-EP-0"
  nameWithinDialog: EP-0
  parentGraph: {fileID: 11400000}
  inPort: {fileID: 0}
  outPorts:
  - {fileID: 114932273573155410}
  pointsTo: []
  position: {x: 0, y: 0}
  rect:
    serializedVersion: 2
    x: 64.0199
    y: 198.28995
    width: 180
    height: 100
  isDragged: 0
  isSelected: 0
  nodeNameRect:
    serializedVersion: 2
    x: 15
    y: 10
    width: 100
    height: 30
  corruptionReport: 
  note: 
--- !u!114 &114472154014465108
MonoBehaviour:
  m_ObjectHideFlags: 0
  m_CorrespondingSourceObject: {fileID: 0}
  m_PrefabInstance: {fileID: 0}
  m_PrefabAsset: {fileID: 0}
  m_GameObject: {fileID: 0}
  m_Enabled: 1
  m_EditorHideFlags: 0
  m_Script: {fileID: 11500000, guid: 92897b83d3ac44d4fb3722cc5d2189d2, type: 3}
  m_Name: "O108 - B\xEDl\xFD pr\xE1\u0161ek-T-6-outPort"
  m_EditorClassIdentifier: 
  Direction: 1
  attachedToNode: {fileID: 114759650819507658}
  centerInAbsolute: {x: 1212.56, y: 463.53015}
  connections: []
  buttonRectInRelative:
    serializedVersion: 2
    x: 288
    y: 25
    width: 12
    height: 12
--- !u!114 &114472610473510044
MonoBehaviour:
  m_ObjectHideFlags: 0
  m_CorrespondingSourceObject: {fileID: 0}
  m_PrefabInstance: {fileID: 0}
  m_PrefabAsset: {fileID: 0}
  m_GameObject: {fileID: 0}
  m_Enabled: 1
  m_EditorHideFlags: 0
  m_Script: {fileID: 11500000, guid: 92897b83d3ac44d4fb3722cc5d2189d2, type: 3}
  m_Name: "O108 - B\xEDl\xFD pr\xE1\u0161ek-R-1-inPort"
  m_EditorClassIdentifier: 
  Direction: 0
  attachedToNode: {fileID: 114365681919351954}
  centerInAbsolute: {x: 382.97986, y: 236.8099}
  connections:
  - {fileID: 114759489351616288}
  buttonRectInRelative:
    serializedVersion: 2
    x: 0
    y: 25
    width: 12
    height: 12
--- !u!114 &114624323565610524
MonoBehaviour:
  m_ObjectHideFlags: 0
  m_CorrespondingSourceObject: {fileID: 0}
  m_PrefabInstance: {fileID: 0}
  m_PrefabAsset: {fileID: 0}
  m_GameObject: {fileID: 0}
  m_Enabled: 1
  m_EditorHideFlags: 0
  m_Script: {fileID: 11500000, guid: 20b5064632769b640943e81336d488d2, type: 3}
  m_Name: "O108 - B\xEDl\xFD pr\xE1\u0161ek-T-6-T"
  m_EditorClassIdentifier: 
  type: {fileID: 11400000, guid: 53fecbc1400a4d947a9e395c1e20a4a7, type: 2}
  variable: {fileID: 11400000, guid: 0c80b4fa588fc744e8283313c92cfa33, type: 2}
  intParam: -1
  entryPoint: {fileID: 0}
  stringParam: 
  boolParam: 0
  character: {fileID: 0}
  floatParam: 0
  stringOptions: []
--- !u!114 &114721784407164948
MonoBehaviour:
  m_ObjectHideFlags: 0
  m_CorrespondingSourceObject: {fileID: 0}
  m_PrefabInstance: {fileID: 0}
  m_PrefabAsset: {fileID: 0}
  m_GameObject: {fileID: 0}
  m_Enabled: 1
  m_EditorHideFlags: 0
  m_Script: {fileID: 11500000, guid: c83906d02ff79e44a87686bb3e9d622c, type: 3}
  m_Name: "O108 - B\xEDl\xFD pr\xE1\u0161ek-R-4 -- O108 - B\xEDl\xFD pr\xE1\u0161ek-R-5"
  m_EditorClassIdentifier: 
  inPort: {fileID: 114934750598617036}
  outPort: {fileID: 114030088254714774}
--- !u!114 &114759489351616288
MonoBehaviour:
  m_ObjectHideFlags: 0
  m_CorrespondingSourceObject: {fileID: 0}
  m_PrefabInstance: {fileID: 0}
  m_PrefabAsset: {fileID: 0}
  m_GameObject: {fileID: 0}
  m_Enabled: 1
  m_EditorHideFlags: 0
  m_Script: {fileID: 11500000, guid: c83906d02ff79e44a87686bb3e9d622c, type: 3}
  m_Name: "O108 - B\xEDl\xFD pr\xE1\u0161ek-EP-0 -- O108 - B\xEDl\xFD pr\xE1\u0161ek-R-1"
  m_EditorClassIdentifier: 
  inPort: {fileID: 114932273573155410}
  outPort: {fileID: 114472610473510044}
--- !u!114 &114759650819507658
MonoBehaviour:
  m_ObjectHideFlags: 0
  m_CorrespondingSourceObject: {fileID: 0}
  m_PrefabInstance: {fileID: 0}
  m_PrefabAsset: {fileID: 0}
  m_GameObject: {fileID: 0}
  m_Enabled: 1
  m_EditorHideFlags: 0
  m_Script: {fileID: 11500000, guid: 5ab8e39e5de1e8146b9d50b8568d7681, type: 3}
  m_Name: "O108 - B\xEDl\xFD pr\xE1\u0161ek-T-6"
  m_EditorClassIdentifier: 
  uniqueId: "O108 - B\xEDl\xFD pr\xE1\u0161ek-T-6"
  nameWithinDialog: T-6
  parentGraph: {fileID: 11400000}
  inPort: {fileID: 114366166303382666}
  outPorts:
  - {fileID: 114472154014465108}
  pointsTo: []
  position: {x: 0, y: 0}
  rect:
    serializedVersion: 2
    x: 918.56006
    y: 432.53015
    width: 300
    height: 500
  isDragged: 0
  isSelected: 1
  nodeNameRect:
    serializedVersion: 2
    x: 15
    y: 10
    width: 180
    height: 30
  corruptionReport: 
  triggers:
  - {fileID: 114442257131934034}
  - {fileID: 114624323565610524}
  - {fileID: 114901307890644120}
  - {fileID: 114079151471547004}
  triggerMultiOptionIndex: 0
--- !u!114 &114774889425157590
MonoBehaviour:
  m_ObjectHideFlags: 0
  m_CorrespondingSourceObject: {fileID: 0}
  m_PrefabInstance: {fileID: 0}
  m_PrefabAsset: {fileID: 0}
  m_GameObject: {fileID: 0}
  m_Enabled: 1
  m_EditorHideFlags: 0
  m_Script: {fileID: 11500000, guid: a369827a53a8b544fac030b468de9f7b, type: 3}
  m_Name: "O108 - B\xEDl\xFD pr\xE1\u0161ek-R-4"
  m_EditorClassIdentifier: 
  uniqueId: "O108 - B\xEDl\xFD pr\xE1\u0161ek-R-4"
  nameWithinDialog: R-4
  parentGraph: {fileID: 11400000}
  inPort: {fileID: 114008825158125972}
  outPorts:
  - {fileID: 114934750598617036}
  pointsTo: []
  position: {x: 0, y: 0}
  rect:
    serializedVersion: 2
    x: 289.09003
    y: 429.11975
    width: 250
    height: 150
  isDragged: 0
  isSelected: 0
  nodeNameRect:
    serializedVersion: 2
    x: 15
    y: 10
    width: 146
    height: 30
  corruptionReport: 
  speaker: {fileID: 11400000, guid: bd4269cbd9a00b64fa93d3034e3bb339, type: 2}
  replicAudio: {fileID: 0}
  scroll: {x: 0, y: 0}
  currentLang: 0
  translation:
    cs: "Pytl\xEDk s podivn\xFDm b\xEDl\xFDm pr\xE1\u0161kem."
    en: 
--- !u!114 &114801008025472228
MonoBehaviour:
  m_ObjectHideFlags: 0
  m_CorrespondingSourceObject: {fileID: 0}
  m_PrefabInstance: {fileID: 0}
  m_PrefabAsset: {fileID: 0}
  m_GameObject: {fileID: 0}
  m_Enabled: 1
  m_EditorHideFlags: 0
  m_Script: {fileID: 11500000, guid: c83906d02ff79e44a87686bb3e9d622c, type: 3}
  m_Name: "O108 - B\xEDl\xFD pr\xE1\u0161ek-EP-2 -- O108 - B\xEDl\xFD pr\xE1\u0161ek-R-4"
  m_EditorClassIdentifier: 
  inPort: {fileID: 114034794898270458}
  outPort: {fileID: 114008825158125972}
--- !u!114 &114901307890644120
MonoBehaviour:
  m_ObjectHideFlags: 0
  m_CorrespondingSourceObject: {fileID: 0}
  m_PrefabInstance: {fileID: 0}
  m_PrefabAsset: {fileID: 0}
  m_GameObject: {fileID: 0}
  m_Enabled: 1
  m_EditorHideFlags: 0
  m_Script: {fileID: 11500000, guid: 20b5064632769b640943e81336d488d2, type: 3}
  m_Name: "O108 - B\xEDl\xFD pr\xE1\u0161ek-T-6-T"
  m_EditorClassIdentifier: 
  type: {fileID: 11400000, guid: 5c8b32a933975b941930ef9744d6264a, type: 2}
  variable: {fileID: 11400000, guid: 629510ed9c53d904d93d3ef2c309f215, type: 2}
  intParam: -1
  entryPoint: {fileID: 0}
  stringParam: 
  boolParam: 1
  character: {fileID: 0}
  floatParam: 0
  stringOptions: []
--- !u!114 &114908828068796430
MonoBehaviour:
  m_ObjectHideFlags: 0
  m_CorrespondingSourceObject: {fileID: 0}
  m_PrefabInstance: {fileID: 0}
  m_PrefabAsset: {fileID: 0}
  m_GameObject: {fileID: 0}
  m_Enabled: 1
  m_EditorHideFlags: 0
  m_Script: {fileID: 11500000, guid: c83906d02ff79e44a87686bb3e9d622c, type: 3}
  m_Name: "O108 - B\xEDl\xFD pr\xE1\u0161ek-R-1 -- O108 - B\xEDl\xFD pr\xE1\u0161ek-T-6"
  m_EditorClassIdentifier: 
  inPort: {fileID: 114161375279442526}
  outPort: {fileID: 114366166303382666}
--- !u!114 &114932273573155410
MonoBehaviour:
  m_ObjectHideFlags: 0
  m_CorrespondingSourceObject: {fileID: 0}
  m_PrefabInstance: {fileID: 0}
  m_PrefabAsset: {fileID: 0}
  m_GameObject: {fileID: 0}
  m_Enabled: 1
  m_EditorHideFlags: 0
  m_Script: {fileID: 11500000, guid: 92897b83d3ac44d4fb3722cc5d2189d2, type: 3}
  m_Name: "O108 - B\xEDl\xFD pr\xE1\u0161ek-EP-0-outPort"
  m_EditorClassIdentifier: 
  Direction: 1
  attachedToNode: {fileID: 114465095023975824}
  centerInAbsolute: {x: 238.0199, y: 229.28995}
  connections:
  - {fileID: 114759489351616288}
  buttonRectInRelative:
    serializedVersion: 2
    x: 168
    y: 25
    width: 12
    height: 12
--- !u!114 &114934750598617036
MonoBehaviour:
  m_ObjectHideFlags: 0
  m_CorrespondingSourceObject: {fileID: 0}
  m_PrefabInstance: {fileID: 0}
  m_PrefabAsset: {fileID: 0}
  m_GameObject: {fileID: 0}
  m_Enabled: 1
  m_EditorHideFlags: 0
  m_Script: {fileID: 11500000, guid: 92897b83d3ac44d4fb3722cc5d2189d2, type: 3}
  m_Name: "O108 - B\xEDl\xFD pr\xE1\u0161ek-R-4-outPort"
  m_EditorClassIdentifier: 
  Direction: 1
  attachedToNode: {fileID: 114774889425157590}
  centerInAbsolute: {x: 533.09, y: 460.11975}
  connections:
  - {fileID: 114721784407164948}
  buttonRectInRelative:
    serializedVersion: 2
    x: 238
    y: 25
    width: 12
    height: 12
